 Dungeon Crawl Stone Soup version 0.29-a0-8-g0446c0dae4 (webtiles) character file.

Game seed: 4328755246964129923

10198 lessens the Brawler (level 11, -5/104 HPs)
             Began as a Troll Earth Elementalist on Jan 27, 2022.
             Was an Elder of Makhleb.
             Slain by a sun demon (17 damage)
             ... summoned by an orc high priest
             ... on level 10 of the Dungeon.
             The game lasted 00:16:23 (8817 turns).

lessens the Brawler (Troll Earth Elementalist)      Turns: 8817, Time: 00:16:24

Health: -5/104     AC:  4    Str: 22    XL:     11   Next: 33%
Magic:  14/14      EV:  8    Int: 11    God:    Makhleb [****..]
Gold:   730        SH: 12    Dex: 16    Spells: 11/12 levels left

rFire   . . .      SeeInvis .     - Unarmed
rCold   . . .      Faith    .   m - +0 kite shield
rNeg    . . .      Spirit   .   I - +0 steam dragon scales
rPois   .          Reflect  +   (helmet restricted)
rElec   .          Harm     .   h - +0 cloak
rCorr   .          Rampage  .   (gloves unavailable)
Will    .....                   (boots unavailable)
Stlth   ++........              z - amulet of reflection
HPRegen 1.07/turn               f - +6 ring of dexterity
MPRegen 0.14/turn               (no ring)

@: corroded
A: large, unfitting armour, claws 3, regeneration 1, shaggy fur 1, tough skin 1
a: Renounce Religion, Minor Destruction, Lesser Servant of Makhleb, Major
Destruction


You were on level 10 of the Dungeon.
You worshipped Makhleb.
Makhleb was greatly pleased with you.
You visited 2 branches of the dungeon, and saw 12 of its levels.
You also visited: Bailey.

You collected 855 gold pieces.
You spent 125 gold pieces at shops.

Inventory:

Missiles
 c - 359 stones
 o - 9 poisoned darts
 v - 2 throwing nets
 B - 8 boomerangs
 H - a curare-tipped dart
 L - 22 large rocks (quivered)
Armour
 b - a +0 robe
 h - a +0 cloak (worn)
 m - a +0 kite shield (worn)
 I - +0 steam dragon scales (worn)
Jewellery
 f - a +6 ring of dexterity (left claw)
 z - an amulet of reflection (around neck)
 K - a ring of poison resistance
Wands
 k - a wand of flame (8)
 y - a wand of charming (10)
 A - a wand of acid (19)
 G - a wand of iceblast (14)
Scrolls
 a - 3 scrolls of vulnerability
 d - 5 scrolls of summoning {unknown}
 e - 6 scrolls of teleportation
 i - 3 scrolls of brand weapon {unknown}
 p - 3 scrolls of enchant armour {unknown}
 q - 2 scrolls of immolation
 u - 2 scrolls of enchant weapon {unknown}
 x - a scroll of magic mapping {unknown}
 E - a scroll of fog {unknown}
 F - a scroll of blinking {unknown}
 J - a scroll of amnesia {unknown}
 R - 2 scrolls of fear {unknown}
Potions
 g - 2 potions of ambrosia {unknown}
 j - 5 potions of haste
 l - 2 potions of heal wounds {unknown}
 n - 4 potions of might
 s - 3 potions of brilliance
 t - 3 potions of curing
 w - 2 potions of flight
 C - a potion of degeneration {unknown}
 D - a potion of lignification {unknown}
 M - a potion of experience {unknown}
 N - 2 potions of cancellation {unknown}
 O - 2 potions of mutation {unknown}
 P - 4 potions of magic
 Q - 4 potions of resistance {unknown}
 S - 2 potions of attraction {unknown}
Miscellaneous
 r - a tin of tremorstones (2/2)


   Skills:
 - Level 5.2 Fighting
 - Level 1.5 Dodging
 - Level 1.0 Stealth
 * Level 15.2 Unarmed Combat
 - Level 1.2 Spellcasting
 - Level 0.6 Transmutations
 - Level 2.6 Earth Magic
 + Level 5.6 Invocations


You had 11 spell levels left.
You knew the following spells:

 Your Spells              Type           Power      Damage    Failure   Level
a - Sandblast             Erth           12%        2d6       28%         1

Your spell library contained the following spells:

 Spells                   Type           Power      Damage    Failure   Level
 Passwall                 Tmut/Erth      3%         N/A       54%         2
 Stone Arrow              Conj/Erth      6%         3d7       83%         3
 Call Canine Familiar     Summ           0%         N/A       95%         3
 Confusing Touch          Hex            0%         N/A       95%         3
 Portal Projectile        Hex/Tloc       0%         N/A       95%         3
 Tukima's Dance           Hex            0%         N/A       95%         3
 Leda's Liquefaction      Hex/Erth       1%         N/A       99%         4
 Petrify                  Tmut/Erth      4%         N/A       99%         4
 Passage of Golubria      Tloc           0%         N/A       100%        4
 Lee's Rapid Deconstruct  Erth           3%         3d6*      100%        5
 Yara's Violent Unravell  Hex/Tmut       0%         3d3       100%        5
 Statue Form              Tmut/Erth      2%         N/A       100%        6
 Enfeeble                 Hex            0%         N/A       100%        7


Dungeon Overview and Level Annotations

Branches:
Dungeon (11/15)            Temple (0/1) D:6            Lair (0/6) D:8
    Orc (1/2) D:10         Bailey (visited)

Altars:
Makhleb
Yredelemnul

Shops:
D:8 *

Annotations:
D:5 2 transporters, testman's ghost, novice DjWz
D:7 3 runed translucent doors, siradein's ghost, novice GrFE
D:11 1 runed translucent door, SirDiesAlot's ghost, journeyman DECj


Innate Abilities, Weirdness & Mutations

You are too large for most types of armour.
You have claws for hands.
Your natural rate of healing is unusually fast.
You are covered in fur. (AC +1)
You have tough skin. (AC +1)


Message History

Things that are here:
a +0 leather armour; a +0 vorpal falchion
There is a stone staircase leading down here.
You climb downwards.
The orc high priest mumbles some strange prayers to Beogh.
The orc high priest calls down the wrath of Beogh upon you.
Beogh smites you!
There is a stone staircase leading up, spattered with blood here.
Things that are here:
a +0 chain mail; a boomerang; a +0 scimitar You mangle the rust devil!!
The rust devil is heavily wounded.
You claw the orc high priest!
The orc high priest is lightly wounded.
The rust devil barely misses you.
The orc high priest hits you but does no damage.
You closely miss the orc high priest.
The orc high priest is lightly wounded.
The rust devil hits you. The rust devil corrodes you!
The orc high priest hits you with a +0 flail!
You mangle the orc high priest!!
The orc high priest is heavily wounded.
You block the rust devil's attack.
The orc high priest hits you with a +0 flail!
You closely miss the orc high priest.
The orc high priest is heavily wounded.
The orc high priest utters an invocation to Beogh.
You claw the orc high priest!
The orc high priest is severely wounded.
You claw the orc high priest!
The orc high priest is almost dead.
The sun demon hits you!
You are engulfed in flames!
The orc high priest mumbles some strange prayers to Beogh against you.
Beogh smites you!
You closely miss the orc high priest.
The orc high priest is almost dead.
The sun demon hits you!!
* * * LOW HITPOINT WARNING * * *
You are engulfed in flames!
You die...

#.##....#.#..##...........#..#
#.##....#.#........[....W.....
#####....#..[#####'###########.
#...##'#.'...'...............#.
#.#....#.#..[#...........##..#.
#.#..#.#.#.#.#...........##..##
#.#....#.#.#.#...........##....
###.#....#.#[#)####'#############
..#.#....#.#[>43@[<..............
..'.#..#.#.#..3o##########.......
..#.#....#.####.##########.......
..#.#.#'##....#................|.
..#.#.#.#..############'####.....
..#.#.#.#..#####...........#####'
..#.#.#.#.....#............##....
'##.#.#######'###################
....#.....................)......


You could see an orc high priest, a sun demon (summoned), a rust devil
(summoned) and a smoke demon (summoned).

Vanquished Creatures
  Josephine (D:10)
  A two-headed ogre (D:8)
  Nergalle (D:10)
  A cyclops (D:8)
  A gargoyle (D:11)
  A kobold demonologist (D:10)
  Psyche (D:10)
  Sigmund (D:6)
  10 yaks
  A shadow (D:10)
  5 wraiths
  Eustachio (D:5)
  A wyvern (D:9)
  A steam dragon (D:7)
  Edmund (D:4)
  A water moccasin (D:7)
  6 orc warriors
  2 sky beasts
  2 black bears (D:7)
  An ice beast (D:7)
  A necrophage (D:8)
  4 ogres
  A centaur (D:10)
  A kobold brigand (D:7)
  Blork the orc (D:5)
  2 bullfrogs
  A scorpion (D:7)
  A water moccasin zombie (D:7)
  A wyvern skeleton (D:6)
  8 killer bees
  3 wights (D:6)
  2 howler monkeys (D:9)
  3 centaur zombies
  2 bullfrog zombies
  4 hounds
  2 centaur skeletons
  3 bullfrog skeletons
  6 orc priests
  2 jellies (D:8)
  Terence (D:2)
  2 iguanas
  8 orc wizards
  3 killer bee zombies
  4 howler monkey zombies
  11 gnolls
  9 adders
  2 shadow imps
  2 white imps (D:6)
  An ufetubus (D:6)
  An adder skeleton (D:4)
  3 worms
  4 dart slugs
  38 orcs
  5 bats
  4 endoplasms
  6 goblins
  8 hobgoblins
  4 jackals (D:2)
  10 kobolds
  3 quokkas
  5 ball pythons
  4 frilled lizards
  4 rats
230 creatures vanquished.

Vanquished Creatures (others)
  An acid dragon (D:11)
  A gnoll (Bailey)
  7 plants
9 creatures vanquished.

Grand Total: 239 creatures vanquished

Notes
Turn   | Place    | Note
-------+----------+-------------------------------------------
     0 | D:1      | lessens the Troll Earth Elementalist began the quest for
                  | the Orb.
     0 | D:1      | Reached XP level 1. HP: 16/16 MP: 1/1
    18 | D:1      | Reached skill level 1 in Unarmed Combat
   165 | D:1      | Reached XP level 2. HP: 24/24 MP: 2/2
   182 | D:1      | Reached skill level 2 in Unarmed Combat
   432 | D:1      | Reached XP level 3. HP: 16/31 MP: 3/3
   656 | D:2      | Found a burning altar of Makhleb.
   661 | D:2      | Reached skill level 3 in Unarmed Combat
   666 | D:2      | Became a worshipper of Makhleb the Destroyer
   686 | D:2      | Noticed Terence
   723 | D:2      | Killed Terence
   724 | D:2      | Reached XP level 4. HP: 30/39 MP: 4/4
   752 | D:2      | Reached skill level 4 in Unarmed Combat
   801 | D:2      | Found a faded altar of an unknown god.
   876 | D:2      | Reached XP level 5. HP: 44/45 MP: 5/5
  1154 | D:3      | Reached skill level 5 in Unarmed Combat
  1403 | D:3      | Identified the +2 mace "Atsoirirr" {antimagic, rF+ Int+3
                  | Dex+3}
  1515 | D:3      | Reached * piety under Makhleb
  1800 | D:4      | Noticed Edmund
  1928 | D:4      | Reached skill level 1 in Fighting
  1928 | D:4      | Reached XP level 6. HP: 53/55 MP: 6/6
  2033 | D:4      | Killed Edmund
  2034 | D:4      | Reached skill level 6 in Unarmed Combat
  2244 | D:4      | Reached XP level 7. HP: 65/65 MP: 7/7
  2712 | D:5      | Entered Level 5 of the Dungeon
  2749 | D:5      | Noticed Blork the orc
  2754 | D:5      | Killed Blork the orc
  2755 | D:5      | Reached skill level 7 in Unarmed Combat
  2944 | D:5      | Noticed Eustachio
  3000 | D:5      | Killed Eustachio
  3066 | D:5      | Found a transporter.
  3067 | D:5      | Found a transporter.
  3275 | D:5      | Identified the +1 scale mail "Yhuteuj" {SInv}
  3275 | D:5      | Identified the +2 buckler "Kirrali" {rElec rC+ Regen+
                  | Int+4}
  3281 | D:5      | Noticed testman's ghost (novice DjWz)
  3417 | D:6      | Reached skill level 8 in Unarmed Combat
  3430 | D:5      | Reached XP level 8. HP: 20/75 MP: 8/8
  3482 | D:6      | Reached ** piety under Makhleb
  3500 | D:6      | Reached skill level 9 in Unarmed Combat
  3568 | D:6      | Found a staircase to the Ecumenical Temple.
  3729 | D:6      | Noticed Sigmund
  3738 | D:6      | Killed Sigmund
  3739 | D:6      | Reached skill level 10 in Unarmed Combat
  3976 | D:7      | Reached XP level 9. HP: 76/83 MP: 9/9
  3999 | D:7      | Reached skill level 11 in Unarmed Combat
  4385 | D:7      | Reached *** piety under Makhleb
  4386 | D:7      | Reached skill level 12 in Unarmed Combat
  4420 | D:7      | Found a runed translucent gate.
  4420 | D:7      | Found a runed translucent gate.
  4420 | D:7      | Found a runed translucent gate.
  4420 | D:7      | Noticed siradein's ghost (novice GrFE)
  4422 | D:7      | Found a basalt altar of Yredelemnul.
  4601 | D:7      | Reached skill level 5 in Fighting
  4823 | D:8      | Found Buniucho's Mass Market.
  4834 | D:8      | Bought 4 large rocks for 33 gold pieces
  4834 | D:8      | Bought 5 large rocks for 42 gold pieces
  4834 | D:8      | Bought 6 large rocks for 50 gold pieces
  4849 | D:8      | Found a flagged portal.
  4926 | D:8      | Found a staircase to the Lair.
  4991 | Bailey   | Entered a bailey
  5681 | D:8      | Noticed a two-headed ogre
  5686 | D:8      | Killed a two-headed ogre
  5686 | D:8      | Reached **** piety under Makhleb
  5687 | D:8      | Reached skill level 1 in Invocations
  5687 | D:8      | Reached XP level 10. HP: 60/96 MP: 10/10
  5732 | D:8      | Noticed a cyclops
  5738 | D:8      | Killed a cyclops
  5739 | D:8      | Reached skill level 13 in Unarmed Combat
  6863 | D:10     | Entered Level 10 of the Dungeon
  6984 | D:10     | Noticed Psyche
  6994 | D:10     | Killed Psyche
  7208 | D:10     | Found a staircase to the Orcish Mines.
  7404 | D:10     | Reached skill level 14 in Unarmed Combat
  7813 | D:11     | Noticed an eight-headed hydra
  8067 | D:11     | Noticed a gargoyle
  8074 | D:11     | Killed a gargoyle
  8075 | D:11     | Reached XP level 11. HP: 95/104 MP: 13/13
  8188 | D:11     | Found a runed translucent door.
  8189 | D:11     | Noticed SirDiesAlot's ghost (journeyman DECj)
  8189 | D:11     | Noticed a seven-headed hydra
  8358 | Orc:1    | Entered Level 1 of the Orcish Mines
  8358 | Orc:1    | Noticed Nergalle
  8366 | Orc:1    | Noticed Josephine
  8378 | D:10     | Killed Nergalle
  8391 | D:10     | Reached skill level 5 in Invocations
  8479 | Orc:1    | Noticed an orc high priest
  8651 | D:10     | Killed Josephine
  8652 | D:10     | Reached skill level 15 in Unarmed Combat
  8808 | D:10     | Noticed a sun demon
  8817 | D:10     | Slain by a sun demon

Illustrated notes

Levels and vault maps discovered:
D:1:      eino_arrival_tree_alley, layout_rooms, chequers_decorated_corner,
          hangedman_decor_slide_cut, minmay_tromino_mix6
D:2:      layout_rooms, basic_altar, hellmonk_ecumenical_altar_arch_garden,
          uniq_terence
D:3:      layout_basic
D:4:      layout_cave_pods, uniq_edmund
D:5:      layout_basic, gammafunk_ghost_gnarly_gnolls, uniq_blork_the_orc,
          uniq_eustachio
D:6:      layout_basic, minmay_temple_entry_tees, uniq_sigmund
D:7:      layout_loops_cross, nicolae_yredelemnul_ghost_church
D:8:      layout_loops_ring, lair_entry_dummy, enter_bailey_8, minmay_shop_mass,
          grunt_decor_clamped
D:9:      layout_basic
D:10:     layout_stronghold, orc_0_dummy, uniq_psyche
D:11:     layout_basic, ebering_ghost_inner_flame, evilmike_ruin_ashenzari
Orc:1:    layout_diamond_mine, basic_altar, uniq_josephine, uniq_nergalle,
          uniq_sonja

Skill      XL: |  1  2  3  4  5  6  7  8  9 10 11 |
---------------+----------------------------------+-----
Unarmed Combat | 1 2 3 4 5 6 8 10 12 14 15 | 15.2
Fighting       | 1 2 3 5 |  5.2
Invocations    | 1 4 5 |  5.6
Dodging        | |  1.5
Stealth        | |  1.0
Spellcasting   | |  1.2
Transmutations | |  0.6
Earth Magic    | |  2.6

Action                   |  1- 3 |  4- 6 |  7- 9 | 10-12 || total
-------------------------+-------+-------+-------+-------++-------
Melee: Unarmed           |    97 |   115 |   304 |   221 ||   737
       Punch             |     1 |     3 |       |       ||     4
Throw: Dart              |       |    10 |       |       ||    10
       Large rock        |       |       |     1 |     4 ||     5
 Cast: Sandblast         |       |     2 |       |       ||     2
Evoke: Wand              |       |       |     2 |     1 ||     3
  Use: Scroll            |       |       |       |    10 ||    10
       Potion            |       |       |       |     1 ||     1
 Stab: Sleeping          |     2 |       |     8 |     2 ||    12
       Distracted        |       |       |     1 |       ||     1
Armor: Robe              |    39 |    24 |    43 |       ||   106
       Steam dragon scal |       |       |    15 |    63 ||    78
Dodge: Dodged            |    40 |    64 |   104 |    73 ||   281
Block: Kite shield       |       |     3 |   151 |   142 ||   296
       Reflection        |       |       |     2 |     8 ||    10

Table legend: (Time is in decaauts)
 A = Elapsed time spent in this place.
 B = Non-inter-level travel time spent in this place.
 C = Inter-level travel time spent in this place.
 D = Time resting spent in this place.
 E = Time spent auto-exploring this place.
 F = Levels seen in this place.
 G = Mean time per level.
                   A        B        C        D        E       F      G
               +--------+--------+--------+--------+--------+-----+--------+
         Total |   8794 |   8347 |    447 |    279 |   5814 |  13 |  676.5 |
       Dungeon |   8335 |   7888 |    447 |    277 |   5571 |  11 |  757.7 |
  Orcish Mines |     20 |     20 |      0 |      0 |      0 |   1 |   20.0 |
        Bailey |    438 |    438 |      0 |      2 |    243 |   1 |  438.0 |
               +--------+--------+--------+--------+--------+-----+--------+

Top non-repeatable levels by time:
    D:10: 1323 daAuts
     D:9: 947 daAuts
     D:4: 876 daAuts
     D:8: 860 daAuts
     D:7: 775 daAuts
     D:3: 708 daAuts
     D:5: 694 daAuts
     D:1: 642 daAuts
     D:6: 522 daAuts
    D:11: 504 daAuts
     D:2: 479 daAuts
  Bailey: 438 daAuts
   Orc:1: 20 daAuts
